 Dungeon Crawl Stone Soup version 0.30-b1-2-g02819fbbbe (webtiles) character file.

Game seed: 11944204224217724191

1341 Arzdou the Carver (level 8, -1/68 HPs)
             Began as a Merfolk Monk on May 25, 2023.
             Killed from afar by a steam dragon (20 damage)
             ... with a ball of steam
             ... on level 5 of the Dungeon.
             The game lasted 00:10:35 (5471 turns).

Arzdou the Carver (Merfolk Monk)                    Turns: 5471, Time: 00:10:35

Health: -1/68      AC:  5    Str: 11    XL:     8   Next: 62%
Magic:  0/8        EV: 19    Int:  9    God:
Gold:   191        SH:  0    Dex: 19    Spells: 7/7 levels left

rFire   . . .        h - +1 short sword (venom)
rCold   . . .        d - orb {light}
rNeg    . . .        b - +0 robe
rPois   .            B - +0 helmet
rElec   .            o - +0 cloak
rCorr   .            (no gloves)
SInv    .            l - +0 pair of boots
Will    +....        m - amulet of guardian spirit
Stlth   +            y - ring of willpower
HPRegen 0.31/turn    A - +5 ring of evasion
MPRegen 0.11/turn

%: guardian spirit
@: glowing, studying Dodging
A: (nimble swimmer 2), mertail
a: no special abilities


You were on level 5 of the Dungeon.
You visited 1 branch of the dungeon, and saw 5 of its levels.

You collected 271 gold pieces.
You spent 80 gold pieces at shops.

Inventory:

Hand Weapons
 a - a +0 falchion
 h - a +1 short sword of venom (weapon)
Armour
 b - a +0 robe (worn)
 d - an orb of light (worn)
 k - +0 storm dragon scales
 l - a +0 pair of boots (worn)
 o - a +0 cloak (worn)
 B - a +0 helmet (worn)
Jewellery
 m - an amulet of guardian spirit (around neck)
 y - a ring of willpower (left hand)
 A - a +5 ring of evasion (right hand)
Scrolls
 e - 2 scrolls of fear
 f - 2 scrolls of teleportation
 i - a scroll of amnesia
 p - a scroll of identify
 v - a scroll of poison
Potions
 c - a potion of ambrosia
 g - 2 potions of heal wounds
 j - 3 potions of curing
 n - 3 potions of lignification
 r - a potion of attraction
 s - 2 potions of flight
 w - a potion of haste


   Skills:
 + Level 7.9 Fighting
 - Level 10.0 Long Blades
 - Level 4.4 Dodging


You had 7 spell levels left.
You didn't know any spells.
Your spell library contained the following spells:

 Spells                   Type           Power      Damage    Failure   Level
 Kiss of Death            Conj/Necr      0%         2d5       38%         1
 Magic Dart               Conj           0%         1d3       38%         1
 Call Imp                 Summ           0%         N/A       52%         2
 Confusing Touch          Hex            0%         N/A       77%         3
 Mephitic Cloud           Conj/Pois/Air  0%         N/A       77%         3
 Dispel Undead            Necr           0%         3d6       99%         4


Dungeon Overview and Level Annotations

Branches:
Dungeon (5/15)
 Temple: D:4-7

Altars:
Nemelex Xobeh
Okawaru
Qazlal
Sif Muna

Shops:
D:4 (   D:5 *


Innate Abilities, Weirdness & Mutations

((You are very nimble when in or above water. (Stealth+, EV+, Speed+++)))
Your lower body shifts to a powerful aquatic tail in water.


Message History

The steam dragon misses you. The steam dragon barely misses you.
You hit the steam dragon.
The steam dragon is lightly wounded.
The steam dragon barely misses you. The steam dragon claws you.
You hit the steam dragon but do no damage.
The steam dragon is lightly wounded.
The steam dragon breathes steam at you. The ball of steam hits you!
You hit the steam dragon but do no damage.
The steam dragon is poisoned.
The steam dragon is lightly wounded.
You are engulfed in a cloud of scalding steam.
You hit the steam dragon.
The steam dragon is moderately wounded.
You are engulfed in a cloud of scalding steam.
The steam dragon barely misses you. The steam dragon misses you.
You barely miss the steam dragon.
The steam dragon is heavily wounded.
You are engulfed in a cloud of scalding steam.
The steam dragon misses you. The steam dragon claws you.
You completely miss the steam dragon.
The steam dragon is heavily wounded.
You are engulfed in a cloud of scalding steam.
You hit the steam dragon.
The steam dragon looks as sick as possible!
The steam dragon is heavily wounded.
You are engulfed in a cloud of scalding steam.
The steam dragon completely misses you. The steam dragon misses you.
You barely miss the steam dragon.
The steam dragon is heavily wounded.
You are engulfed in a cloud of scalding steam.
The steam dragon barely misses you. The steam dragon closely misses you.
The steam dragon attacks as you move away!
The steam dragon closely misses you. The steam dragon completely misses you.
The steam dragon breathes steam at you. The ball of steam hits you!
* * * LOW HITPOINT WARNING * * *
The steam dragon breathes steam at you. The ball of steam hits you!!
You die...

#...###.>..........#
#.#..........#####.#
#..>#####...## ##.#######.##
####.##..)##.#
#...>D..#..#.# #
#.##.#§###...#
###########.##.#§.#..#####
.##.............@...........
.##.#######.##.############.
.....## #.#..#
#.#.#.#####.#.##
#...........#.#
#.#.#.#######.# #....##
##.## ....## ###...#####
#.#### #.........#


There were no monsters in sight!

Vanquished Creatures
  Sigmund (D:5)
  A black bear (D:4)
  3 ogres
  2 phantoms
  4 hounds
  2 jellies (D:4)
  2 gnoll boudas
  3 iguanas (D:5)
  4 orc wizards
  3 gnolls (D:5)
  12 adders
  A river rat (D:4)
  2 worms (D:2)
  3 dart slugs
  11 orcs
  6 bats
  5 endoplasms
  5 giant cockroaches
  5 goblins
  6 hobgoblins
  3 jackals (D:1)
  7 quokkas
  7 ball pythons
  4 frilled lizards
  13 kobolds
  9 rats
124 creatures vanquished.

Notes
Turn   | Place    | Note
-------+----------+-------------------------------------------
     0 | D:1      | Arzdou the Merfolk Monk began the quest for the Orb.
     0 | D:1      | Reached XP level 1. HP: 18/18 MP: 1/1
    81 | D:1      | Reached XP level 2. HP: 24/24 MP: 2/2
   146 | D:1      | Reached skill level 4 in Long Blades
   324 | D:1      | Reached XP level 3. HP: 29/29 MP: 3/3
   782 | D:2      | Reached skill level 5 in Long Blades
   881 | D:2      | Reached XP level 4. HP: 24/35 MP: 4/4
  1586 | D:3      | Reached skill level 6 in Long Blades
  1589 | D:3      | Reached XP level 5. HP: 37/41 MP: 3/5
  2051 | D:3      | Found a sparkling altar of Nemelex Xobeh.
  2442 | D:4      | Reached skill level 7 in Long Blades
  2562 | D:4      | Reached XP level 6. HP: 34/47 MP: 3/6
  2625 | D:4      | Found Ryxit's Antique Weapon Boutique.
  2638 | D:4      | Found a stormy altar of Qazlal.
  2661 | D:4      | HP: 1/47 [acid (7)]
  2933 | D:4      | Reached skill level 8 in Long Blades
  3101 | D:4      | Reached skill level 9 in Long Blades
  3101 | D:4      | Reached XP level 7. HP: 17/52 MP: 2/7
  4113 | D:4      | Found an iron altar of Okawaru.
  4366 | D:5      | Entered Level 5 of the Dungeon
  4534 | D:5      | Identified a scroll of acquirement
  4534 | D:5      | Acquired a manual of Dodging
  4582 | D:5      | Reached skill level 5 in Fighting
  4582 | D:5      | Reached skill level 10 in Long Blades
  4593 | D:5      | Noticed a steam dragon
  4875 | D:5      | Noticed Sigmund
  4887 | D:5      | Killed Sigmund
  4888 | D:5      | Reached XP level 8. HP: 64/64 MP: 8/8
  4967 | D:5      | Found Woxkuud's Assorted Antiques.
  4973 | D:5      | Bought a scroll of identify for 40 gold pieces
  4973 | D:5      | Bought a scroll of identify for 40 gold pieces
  5314 | D:5      | Found a shimmering blue altar of Sif Muna.
  5471 | D:5      | Killed from afar by a steam dragon

Illustrated notes

Levels and vault maps discovered:
D:1:      amcnicky_arrival_double_pillar, layout_rooms,
          minmay_misc_feat_ornament
D:2:      layout_loops_ring, corexii_corridor_pit
D:3:      layout_loops_ring, mainiacjoe_overflow_alcove_1
D:4:      minmay_razor_zed, layout_basic, overflow_temple_1_default,
          mainiacjoe_overflow_alcove_4, gup_sewer_entry_bubbles, serial_shops,
          nicolae_shop_competitors_out_of_business, grunt_ministairs_9,
          lightli_corner_chamber
D:5:      layout_loops_ring, kennysheep_orc_sif_temple, serial_shops,
          nicolae_shop_hallway_stairs, uniq_sigmund

Skill      XL: |  1  2  3  4  5  6  7  8 |
---------------+-------------------------+-----
Long Blades    | 4 5 6 7 9 10 | 10.0
Fighting       | 6 7 |  7.9
Dodging        | |  4.4

Action                     |  1- 3 |  4- 6 |  7- 9 || total
---------------------------+-------+-------+-------++-------
  Melee: Falchion          |    24 |    17 |       ||    41
         Dagger            |    66 |   144 |     2 ||   212
         Short sword       |       |       |   198 ||   198
         Tailslap          |       |       |     4 ||     4
    Use: Scroll            |       |     7 |    11 ||    18
         Potion            |       |     1 |     1 ||     2
   Stab: Sleeping          |     1 |       |       ||     1
 Armour: Robe              |    13 |    31 |    21 ||    65
  Dodge: Dodged            |    59 |    81 |   120 ||   260
